 Dungeon Crawl Stone Soup version 0.25.1-2-g60ff931df9 (webtiles) character file.

Game seed: 2074734677772990478

126 Artemis the Chiller (level 5, 0/28 HPs)
             Began as a Gargoyle Ice Elementalist on Sept 11, 2020.
             Slain by a centaur zombie (5 damage)
             ... on level 3 of the Dungeon.
             The game lasted 00:14:30 (2571 turns).

Artemis the Chiller (Gargoyle Ice Elementalist)     Turns: 2571, Time: 00:14:30

Health: 0/28       AC:  7    Str: 11    XL:     5   Next: 9%
Magic:  1/9        EV: 12    Int: 17    God:
Gold:   161        SH:  0    Dex: 10    Spells: 2/9 levels left

rFire    . . .     SeeInvis .   s - -2 trident (curse)
rCold    . . .     Gourm    .   (no shield)
rNeg     + . .     Faith    .   a - +1 robe
rPois    ∞         Spirit   .   (no helmet)
rElec    +         Reflect  .   (no cloak)
rCorr    .         Harm     .   (no gloves)
MR       .....     Rnd*Tele +   (no boots)
Stlth    ++........             (no amulet)
HPRegen  0.09/turn              g - ring of teleportation (curse)
MPRegen  0.11/turn              (no ring)

@: no status effects
A: negative energy resistance 1, electricity resistance, unbreathing,
petrification resistance, rot immunity, AC +4
a: no special abilities


You were on level 3 of the Dungeon.
You were not hungry.

You visited 1 branch of the dungeon, and saw 3 of its levels.

You collected 161 gold pieces.

Inventory:

Hand Weapons
 b - a +0 mace
 n - a +0 dagger of freezing
 p - a +3 hunting sling
 s - a cursed -2 trident (weapon)
Missiles
 d - 25 sling bullets
 q - 38 stones (quivered)
Armour
 a - a +1 robe (worn)
 k - a +0 buckler
Jewellery
 g - a cursed ring of teleportation (left hand)
Wands
 o - a wand of enslavement (5)
Scrolls
 h - 2 scrolls of amnesia
 j - 2 scrolls of teleportation
 m - a scroll of identify
Potions
 e - a potion of cancellation {unknown}
 l - 2 potions of curing
Comestibles
 c - 6 rations
 i - 5 chunks of flesh


   Skills:
 - Level 0.2 Maces & Flails
 - Level 1.7 Dodging
 - Level 2.5 Stealth
 + Level 2.7 Spellcasting
 * Level 0.4 Charms
 * Level 5.5 Ice Magic


You had 2 spell levels left.
You knew the following spells:

 Your Spells              Type           Power        Failure   Level  Hunger
a - Freeze                Ice            ###.         1%          1    #......
b - Frozen Ramparts       Ice            ###...       5%          3    ###....
c - Ozocubu's Armour      Chrm/Ice       ##......     16%         3    ###....

Your spell library contained the following spells:

 Spells                   Type           Power        Failure   Level  Hunger
 Hailstorm                Conj/Ice       ##......     50%         4    #####..
 Summon Ice Beast         Ice/Summ       ##......     50%         4    #####..


Dungeon Overview and Level Annotations

Branches:
Dungeon (3/15)

Altars:


Innate Abilities, Weirdness & Mutations

You are resistant to torment.
Your stone body is resilient. (AC +4)
You are immune to poison.
You resist negative energy. (rN+)
You are resistant to electric shocks. (rElec)
You can survive without breathing.
You are immune to petrification.
You are immune to rotting.


Message History

You hit the centaur zombie.
The centaur zombie is severely damaged.
The centaur zombie hits you.
* * * LOW HITPOINT WARNING * * *
You hit the centaur zombie but do no damage.
The centaur zombie is severely damaged.
The centaur zombie misses you. The centaur zombie barely misses you.
You hit the centaur zombie but do no damage.
The centaur zombie is severely damaged.
The centaur zombie closely misses you.
The centaur zombie hits you but does no damage.
Casting: Freeze (safe; 1% risk of failure)
Confirm with . or Enter, or press ? or * to list all spells.
Aiming: Freeze (safe; 1% risk of failure)
Press: ? - help, Shift-Dir - straight line, f/p - centaur zombie
Aim: a centaur zombie (severely damaged)
The centaur zombie completely resists.
You freeze the centaur zombie but do no damage.
The centaur zombie hits you.
You die...

*,,,,,,,****,**** #.##.###...#
*,,,,,,,,,,,,######...)......#
*,****,,****,........#.###...####
*,,,,,,,,,,,,....................
*,,,,,,,,,**,..........###...##..
*,,,,,,,,,***.######.#.# #...##..
*,,,,,,,,,* #,* #.#.# ##.###..
*,,,,,,,..###.######.#.# #......
*,,,,,,,.....†.Z@....#.# #......
*,,,,,,,..############,####.###..
*********** *,#...÷###..
*,#......... *,#......#..
#........... ###.####.#.# #.*
#.#.# #.* #.#.#


You could see a centaur zombie.

Vanquished Creatures
  A crimson imp (D:3)
  2 adders
  2 worms (D:2)
  3 dart slugs
  A leopard gecko (D:3)
  6 bats
  A giant cockroach (D:2)
  12 goblins
  8 hobgoblins
  9 kobolds
  A quokka (D:2)
  5 frilled lizards
  10 rats
61 creatures vanquished.

Notes
Turn   | Place    | Note
-------+----------+-------------------------------------------
     0 | D:1      | Artemis the Gargoyle Ice Elementalist began the quest for
                  | the Orb.
     0 | D:1      | Reached XP level 1. HP: 10/10 MP: 3/3
    61 | D:1      | Reached XP level 2. HP: 4/15 MP: 1/5
  1077 | D:2      | Reached XP level 3. HP: 19/19 MP: 3/6
  1082 | D:2      | Learned a level 3 spell: Frozen Ramparts
  1411 | D:2      | Reached skill level 5 in Ice Magic
  1579 | D:2      | Reached XP level 4. HP: 20/24 MP: 3/7
  2319 | D:3      | Learned a level 3 spell: Ozocubu's Armour
  2458 | D:3      | Reached XP level 5. HP: 28/28 MP: 4/9
  2571 | D:3      | Slain by a centaur zombie

Illustrated notes

Levels and vault maps discovered:
D:1:      eino_arrival_water_star, layout_basic, minmay_misc_feat_roman
D:2:      layout_loops_ring, kennysheep_potato
D:3:      layout_basic, chequers_ecumenical_altar_simple_redux

Skill      XL: |  1  2  3 |
---------------+----------+-----
Ice Magic      | 5 |  5.5
Maces & Flails | |  0.2
Dodging        | |  1.7
Stealth        | |  2.5
Spellcasting   | |  2.7
Charms         | |  0.4

Action                   |  1- 3 |  4- 6 || total
-------------------------+-------+-------++-------
Melee: Mace              |    49 |    59 ||   108
       Trident           |       |    16 ||    16
 Cast: Freeze            |    31 |    15 ||    46
       Frozen Ramparts   |     2 |     2 ||     4
  Use: Scroll            |       |     5 ||     5
 Stab: Sleeping          |     1 |     3 ||     4
  Eat: Chunk             |     3 |     3 ||     6
Armor: Robe              |    31 |    30 ||    61
Dodge: Dodged            |    53 |    70 ||   123
